 Dungeon Crawl Stone Soup version 0.29.1-15-g9cfb28693d (webtiles) character file.

Game seed: 16226377641855959053

238 H0rd4k the Insei (level 6, -1/42 HPs)
             Began as an Octopode Artificer on Apr 3, 2023.
             Splashed by a jelly's acid (11 damage)
             ... on level 4 of the Dungeon.
             The game lasted 00:02:49 (5732 turns).

H0rd4k the Insei (Octopode Artificer)               Turns: 5732, Time: 00:02:50

Health: -1/42      AC: -11   Str: 11    XL:     6   Next: 7%
Magic:  9/9        EV: 13    Int: 15    God:
Gold:   151        SH:  0    Dex: 13    Spells: 9/9 levels left

rFire   . . .      SeeInvis .     - Unarmed
rCold   . . .      Faith    .   (no shield)
rNeg    . . .      Spirit   .   (helmet restricted)
rPois   .          Reflect  .   (no amulet)
rElec   .          Harm     .   (no ring)
rCorr   .          Rampage  .   (no ring)
Will    .....                   (no ring)
Stlth   +++.......              (no ring)
HPRegen 0.14/turn               (no ring)
MPRegen 0.11/turn               (no ring)
                                (no ring)
                                (no ring)

@: corroded
A: almost no armour, amphibious, 8 rings, camouflage 1, gelatinous body 1,
(nimble swimmer 1), tentacles
a: no special abilities


You were on level 4 of the Dungeon.
You visited 1 branch of the dungeon, and saw 4 of its levels.

You collected 151 gold pieces.

Inventory:

Missiles
 i - 3 curare-tipped darts
 o - a throwing net
Jewellery
 q - a +6 ring of intelligence
Wands
 b - a wand of flame (10) (quivered)
 c - a wand of charming (10)
 d - a wand of iceblast (3)
Scrolls
 a - 3 scrolls of magic mapping {unknown}
 g - 3 scrolls of enchant weapon {unknown}
 h - 6 scrolls of identify {unknown}
 j - 2 scrolls of immolation {unknown}
 m - 3 scrolls of teleportation {unknown}
 s - a scroll of enchant armour {unknown}
 u - a scroll of torment {unknown}
 v - a scroll of fear {unknown}
Potions
 e - 4 potions of lignification {unknown}
 f - 2 potions of heal wounds {unknown}
 k - 2 potions of brilliance {unknown}
 l - a potion of attraction {unknown}
 n - 4 potions of curing
 p - a potion of berserk rage {unknown}
 r - a potion of mutation {unknown}
 t - a potion of haste {unknown}


   Skills:
 * Level 3.1 Fighting
 - Level 2.3 Dodging
 - Level 1.3 Stealth
 + Level 3.7 Unarmed Combat
 * Level 2.3 Spellcasting
 - Level 3.2 Evocations


You had 9 spell levels left.
You didn't know any spells.
Your spell library was empty.

Dungeon Overview and Level Annotations

Branches:
Dungeon (4/15)
 Temple: D:4-7

Altars:
Ashenzari
Hepliaklqana
Makhleb

Shops:
D:2 *

Annotations:
D:2 exclusion: downstairs
D:3 1 runed translucent door, exclusion: door, Crazy Yiuf


Innate Abilities, Weirdness & Mutations

You cannot wear most types of armour.
You are amphibious.
You can wear up to eight rings at the same time.
Your skin changes colour to match your surroundings (Stealth+).
Your rubbery body absorbs attacks. (AC +1, EV +1)
((You are camouflaged when in or above water. (Stealth+)))
You have tentacles for arms and can constrict up to eight enemies at once.


Message History

A goblin is nearby!
You tentacle-slap the goblin.
You kill the goblin!
You now have 151 gold pieces (gained 11).
v - a scroll labelled KIRCHA MEADI
Things that are here:
a +0 dagger; a +0 sling No target in view!
Found a burning altar of Makhleb.
No target in view!
A jelly comes into view.
The jelly moves out of view.
No target in view!
The jelly quivers.
A jelly is nearby!
A jelly is nearby!
You bludgeon the jelly!
Your tentacles burn!
The jelly is moderately wounded.
The jelly barely misses you.
You tentacle-slap the jelly but do no damage.
Your tentacles burn!
You squeeze the jelly.
The jelly is moderately wounded.
The jelly barely misses you.
You tentacle-slap the jelly.
Your tentacles burn!
You squeeze the jelly, but do no damage.
The jelly is moderately wounded.
The jelly hits you. The acid corrodes you!
You are splashed with acid!
You tentacle-slap the jelly but do no damage.
Your tentacles burn!
The jelly is moderately wounded.
The jelly hits you. The acid corrodes you!
You are splashed with acid.
* * * LOW HITPOINT WARNING * * *
Unknown command.
Aiming: Charm
Press: ? - help, Shift-Dir - straight line, f - jelly
Aim: a jelly (moderately wounded, chance to affect: 66%)
The jelly struggles to resist.
The jelly hits you.
* * * LOW HITPOINT WARNING * * *
The acid corrodes you!
You are splashed with acid!
You die...

#.≈......##
##...# #.≈.#...##
##.## #...##.####
.# #.........# .#
#.P..#.##.# .#
#.P..#.##.#
##.P.....#.#
...P.......####
##....J@.........
#....#.##.######
#._..#.##.# #..
.....# #. ##.####
# #.# #.# #.#


You could see a jelly.

Vanquished Creatures
  A hound (D:4)
  An iguana (D:4)
  An orc wizard (D:3)
  A gnoll (D:2)
  An adder (D:2)
  2 worms (D:2)
  11 orcs
  7 bats
  10 endoplasms
  4 giant cockroaches
  7 goblins
  7 hobgoblins
  8 jackals
  5 kobolds
  4 quokkas
  11 ball pythons
  14 frilled lizards
  3 rats
98 creatures vanquished.

Vanquished Creatures (collateral kills)
  2 gnolls (D:2)
2 creatures vanquished.

Vanquished Creatures (others)
  A gnoll (D:2)
  A hobgoblin (D:4)
  5 plants (D:2)
7 creatures vanquished.

Grand Total: 107 creatures vanquished

Notes
Turn   | Place    | Note
-------+----------+-------------------------------------------
     0 | D:1      | H0rd4k the Octopode Artificer began the quest for the Orb.
     0 | D:1      | Reached XP level 1. HP: 13/13 MP: 1/1
   241 | D:1      | Reached XP level 2. HP: 19/19 MP: 2/2
   558 | D:1      | Reached skill level 1 in Spellcasting
   831 | D:1      | Reached XP level 3. HP: 16/24 MP: 4/4
  1394 | D:2      | Reached skill level 1 in Unarmed Combat
  1550 | D:2      | Found Buutuxub's Assorted Antiques.
  1563 | D:2      | Found a broken altar of Ashenzari.
  1916 | D:2      | Reached XP level 4. HP: 12/30 MP: 6/6
  3452 | D:3      | Reached XP level 5. HP: 14/35 MP: 7/7
  4303 | D:3      | Found a runed translucent door.
  4304 | D:3      | Noticed Crazy Yiuf
  5223 | D:4      | Found a hazy altar of Hepliaklqana.
  5447 | D:4      | Reached XP level 6. HP: 10/42 MP: 9/9
  5719 | D:4      | Found a burning altar of Makhleb.
  5732 | D:4      | Splashed by a jelly's acid

Illustrated notes

Levels and vault maps discovered:
D:1:      ncdulo_lavacross, layout_loops_cross,
          hangedman_abyss_or_decor_lesser_grid
D:2:      layout_basic, serial_shops, nicolae_shop_behind_doors, basic_altar,
          minmay_lizard_king
D:3:      layout_basic, uniq_crazy_yiuf_cottage
D:4:      layout_loops_corners, mainiacjoe_overflow_tiny_flanked,
          mainiacjoe_overflow_boulevard, serial_shops, shop

Skill      XL: |  1  2  3  4  5 |
---------------+----------------+-----
Fighting       | 2 3 |  3.1
Spellcasting   | 1 2 |  2.3
Unarmed Combat | 1 2 3 |  3.7
Dodging        | |  2.3
Stealth        | |  1.3
Evocations     | |  3.2

Action                   |  1- 3 |  4- 6 || total
-------------------------+-------+-------++-------
Melee: Unarmed           |   119 |   134 ||   253
       Tentacles         |    25 |    32 ||    57
       Constrict         |    29 |    33 ||    62
       Punch             |     2 |     4 ||     6
Evoke: Wand              |       |    12 ||    12
 Stab: Sleeping          |    10 |     3 ||    13
Armor: Skin              |     9 |    12 ||    21
Dodge: Dodged            |    84 |    75 ||   159
